 Dungeon Crawl Stone Soup version 0.30-a0-457-g4b7bca3bfa (webtiles) character file.

Game seed: 11322034195799686389

65512 cforsyth the Warrior (level 14, -6/205 HPs)
             Began as a Minotaur Berserker on Dec 13, 2022.
             Was the Champion of Trog.
             Killed by divine providence
             ... invoked by a meliai
              (11 damage)
             ... on level 13 of the Dungeon.
             The game lasted 00:34:58 (26844 turns).

cforsyth the Warrior (Minotaur Berserker)          Turns: 26844, Time: 00:34:59

Health: -6/205     AC: 22    Str: 25    XL:     14   Next: 75%
Magic:  4/4        EV: 17    Int:  4    God:    Trog [******]
Gold:   1939       SH:  0    Dex: 12    Spells: 13/13 levels left

rFire   + . .      SeeInvis .    a - +6 executioner's axe (flame)
rCold   + . .      Faith    .    (shield currently unavailable)
rNeg    + + .      Spirit   .    T - +2 plate armour {rC+}
rPois   .          Reflect  .    (helmet restricted)
rElec   .          Harm     .    (no cloak)
rCorr   +          Rampage  .    Y - +0 pair of gloves
Will    +....                    I - +0 pair of boots
Stlth   ..........               (no amulet)
HPRegen 0.54/turn                L - +4 ring of evasion
MPRegen 0.09/turn                Z - ring "Fiaruant" {+Blink rF+ rN++ rCorr MP-9}

@: berserking (expiring), very quick
A: horns 2, retaliatory headbutt
a: Renounce Religion, Evoke Blink, Berserk, Trog's Hand, Brothers in Arms


You were on level 13 of the Dungeon.
You worshipped Trog.
Trog was exalted by your worship.
You visited 3 branches of the dungeon, and saw 20 of its levels.
You also visited: Bailey.

You collected 2395 gold pieces.
You spent 456 gold pieces at shops.

Inventory:

Hand Weapons
 a - a +6 executioner's axe of flaming (weapon)
 b - the +6 battleaxe of Spontaneous Combustion {vorpal, Will+++ MP+9 Str+3 Dex-3}
   (You found it on level 8 of the Dungeon)

   It inflicts extra damage upon your enemies.
   Str:       It affects your strength (+3).
   Dex:       It affects your dexterity (-3).
   MP:        It affects your magic capacity (+9).
   Will:      It greatly increases your willpower.
 t - a +4 hand axe
 B - the +7 hand axe of Mocvul {vorpal, rN+ Int+2 Dex+3 SInv}
   (You took it off a kobold on level 8 of the Dungeon)

   It inflicts extra damage upon your enemies.
   Int:       It affects your intelligence (+2).
   Dex:       It affects your dexterity (+3).
   rN:        It protects you from negative energy.
   SInv:      It lets you see invisible.
 C - a +0 broad axe
Armour
 I - a +0 pair of boots (worn)
 J - a +0 kite shield
 T - a +2 plate armour of cold resistance (worn)
 Y - a +0 pair of gloves (worn)
Jewellery
 d - an amulet of faith
 x - a ring of protection from cold
 H - a ring of ice
 L - a +4 ring of evasion (left hand)
 N - a ring of flight
 Z - the ring "Fiaruant" (right hand) {+Blink rF+ rN++ rCorr MP-9}
   (You bought it in a shop on level 2 of the Orcish Mines)

   [ring of resist corrosion]

   rF:        It protects you from fire.
   rN:        It greatly protects you from negative energy.
   MP:        It affects your magic capacity (-9).
   +Blink:    It lets you blink.
   rCorr:     It protects you from acid and corrosion.
Wands
 w - a wand of paralysis (17)
 z - a wand of roots (12)
 G - a wand of mindburst (29)
 M - a wand of flame (10)
 S - a wand of digging (6)
 X - a wand of acid (4)
Scrolls
 e - 2 scrolls of silence {unknown}
 k - 4 scrolls of blinking
 o - 3 scrolls of enchant armour {unknown}
 p - 4 scrolls of fear
 q - 2 scrolls of immolation {unknown}
 r - 3 scrolls of brand weapon {unknown}
 s - a scroll of vulnerability {unknown}
 y - 3 scrolls of fog
 F - 4 scrolls of magic mapping
 K - a scroll of torment {unknown}
 O - a scroll of noise {unknown}
 P - 2 scrolls of enchant weapon
 V - 9 scrolls of teleportation
 W - 3 scrolls of identify
Potions
 f - 2 potions of lignification
 g - 3 potions of invisibility
 h - a potion of mutation {unknown}
 i - 2 potions of brilliance
 j - 5 potions of attraction
 l - a potion of magic {unknown}
 m - 9 potions of heal wounds
 n - 3 potions of curing
 u - a potion of berserk rage
 v - 4 potions of haste
 A - a potion of resistance
 D - 5 potions of flight
 E - 2 potions of might
 Q - a potion of ambrosia
 R - 4 potions of degeneration {unknown}
 U - 2 potions of cancellation


   Skills:
 + Level 16.0 Fighting
 + Level 15.9 Axes
 + Level 15.7 Armour
 + Level 14.5 Dodging
 - Level 5.0 Shields


You had 13 spell levels left.
You didn't know any spells.
Your spell library was empty.

Dungeon Overview and Level Annotations

Branches:
Dungeon (13/15)            Temple (0/1) D:5            Lair (5/5) D:8
  Swamp (0/4) Lair:3        Snake (0/4) Lair:3        Slime (0/5) Lair:5
    Orc (2/2) D:11            Elf (0/3) Orc:2        Vaults (0/5) D:13
 Bailey (visited)

Altars:
Ashenzari
Dithmenos
Elyvilon
Fedhas
Kikubaaqudgha
Sif Muna
Vehumet
Wu Jian
Xom
Zin
Jiyva

Shops:
D:2 :   D:5 ?   D:9 *   D:10 =   Orc:2 (=[!

Portals:
Abyss: Lair:3

Annotations:
Lair:3 2 transporters, qeuew's ghost, journeyman HOFi
Lair:5 2 runed translucent doors


Innate Abilities, Weirdness & Mutations

You have a pair of horns on your head.
You reflexively headbutt those who attack you in melee.


Message History

The shadow misses you. You furiously retaliate!
You headbutt the shadow! The centaur warrior misses you.
The centaur warrior kicks you but does no damage.
You completely miss the centaur warrior.
The centaur warrior is lightly wounded.
You hit the shadow. You burn the shadow.
The centaur warrior hits you but does no damage.
The centaur warrior kicks you but does no damage.
The shadow hits you.
* * * LOW HITPOINT WARNING * * *
You slice the centaur warrior!! You burn the centaur warrior.
You headbutt the centaur warrior!!
The centaur warrior is almost dead.
You closely miss the shadow.
The red devil hits you but does no damage.
The centaur warrior misses you.
The centaur warrior completely misses you.
You slice the centaur warrior!! You burn the centaur warrior.
You kill the centaur warrior!
Trog accepts your kill.
You slice the shadow!! You burn the shadow.
You destroy the shadow!
Trog accepts your kill.
You closely miss the kobold demonologist.
A meliai comes into view. It is wielding a +0 hand axe.
The kobold demonologist hits you but does no damage.
You completely miss the kobold demonologist.
Your headbutt misses the kobold demonologist.
You slice the kobold demonologist like a ripe choko!!!
You burn the kobold demonologist!
You kill the kobold demonologist!
Trog accepts your kill.
Trog appreciates your killing of a magic user.
The ice devil disappears in a puff of smoke!
The smoke demon disappears in a puff of smoke!
The red devil disappears in a puff of smoke!
Your Fighting skill increases to level 16!
The meliai calls down the wrath of its god upon you.
Something smites you!
You die...

### ..# ..# #### #### ####
### #..# #..# ..... #..#
##..# #.....
#..#####...#####......
#..##............?....
#####..##...##)......##...
...........####.@...##
..........## ##y§)##
#####..##.# ##§## #..##..#
... #..##...# #...#
#..##....# .....
#..##....'...∩...
#........#.......#
#.#...#.#


You could see a meliai.

Vanquished Creatures
  Jorgrun (Orc:1)
  5 hydras
  4 vault guards (D:13)
  3 ogre magi (Orc:2)
  A catoblepas (Lair:3)
  Erica (D:11)
  6 two-headed ogres
  2 centaur warriors (D:13)
  4 death yaks (Lair:1)
  Sonja (Lair:5)
  A fire crab (Lair:5)
  4 orc knights
  A deep elf pyromancer (D:12)
  An ugly thing (D:13)
  A cyclops (D:12)
  9 orc sorcerers
  2 wolf spiders (Lair:2)
  A manticore (D:9)
  3 elephants (Lair:4)
  8 black mambas
  2 molten gargoyles (Lair:5)
  Maggie (D:6)
  9 cane toads
  A kobold demonologist (D:13)
  8 komodo dragons
  10 rime drakes
  A tengu conjurer (D:13)
  An efreet (D:13)
  2 polar bears
  8 trolls
  Grinder (D:3)
  17 blink frogs
  2 hornets
  A slime creature (D:13)
  3 spriggans (Lair:4)
  2 shadows
  18 wyverns
  46 yaks
  12 basilisks
  2 vampire mosquitoes (D:12)
  2 wargs (Orc:1)
  2 nagas (Lair:3)
  2 acid dragons
  5 water moccasins
  3 hell hounds (Lair:5)
  3 ice beasts
  22 orc warriors
  A black bear (D:5)
  6 ogres
  4 wolves (Lair:3)
  5 centaurs
  2 phantoms (D:6)
  2 necrophages
  3 kobold brigands
  8 bullfrogs
  A gnoll sergeant (D:6)
  7 scorpions
  3 wights (D:7)
  2 oklob saplings (D:8)
  8 killer bees
  3 electric eels
  4 lava snakes (Lair:5)
  5 howler monkeys (D:10)
  14 orc priests
  2 hounds
  A gnoll bouda (D:7)
  6 jellies
  5 iguanas
  34 orc wizards
  10 hell rats (Lair:3)
  17 gnolls
  20 adders
  A shadow imp (D:5)
  2 white imps
  4 worms (D:2)
  5 dart slugs
  80 orcs
  12 ball pythons
  10 bats
  9 endoplasms
  4 giant cockroaches
  10 goblins
  4 hobgoblins
  12 jackals
  24 kobolds
  3 quokkas (D:1)
  7 frilled lizards
  6 rats
611 creatures vanquished.

Vanquished Creatures (others)
  2 bushes (D:8)
  17 fungi
  71 plants
90 creatures vanquished.

Grand Total: 701 creatures vanquished

Notes
Turn   | Place    | Note
-------+----------+-------------------------------------------
     0 | D:1      | cforsyth the Minotaur Berserker began the quest for the
                  | Orb.
     0 | D:1      | Reached XP level 1. HP: 19/19 MP: 0/0
   126 | D:1      | Found a faded altar of an unknown god.
   374 | D:1      | Reached XP level 2. HP: 27/27 MP: 1/1
   638 | D:1      | Reached skill level 4 in Fighting
   782 | D:1      | Reached XP level 3. HP: 33/33 MP: 2/2
  1046 | D:2      | Reached ** piety under Trog
  1092 | D:2      | Reached XP level 4. HP: 30/41 MP: 3/3
  1499 | D:2      | Found Qeh Jets's Book Shop.
  2413 | D:3      | Reached XP level 5. HP: 29/47 MP: 4/4
  2766 | D:3      | Found an ornate altar of the Wu Jian Council.
  2775 | D:3      | Reached *** piety under Trog
  2777 | D:3      | Reached skill level 5 in Axes
  2932 | D:3      | Reached skill level 5 in Fighting
  3153 | D:3      | Noticed Grinder
  3163 | D:3      | Killed Grinder
  3164 | D:3      | Reached XP level 6. HP: 30/56 MP: 5/5
  3624 | D:4      | Noticed an ice beast
  3631 | D:4      | Reached skill level 5 in Armour
  3631 | D:4      | Reached XP level 7. HP: 61/62 MP: 6/6
  3993 | D:4      | Reached skill level 6 in Fighting
  4259 | D:5      | Entered Level 5 of the Dungeon
  4393 | D:5      | Reached skill level 5 in Dodging
  4658 | D:5      | Found a staircase to the Ecumenical Temple.
  4874 | D:5      | Reached XP level 8. HP: 59/71 MP: 7/7
  4953 | D:5      | Found a white marble altar of Elyvilon.
  4962 | D:5      | Found a broken altar of Ashenzari.
  4985 | D:5      | Reached skill level 1 in Shields
  5334 | D:5      | Found Wylo's Magic Scroll Boutique.
  5948 | D:6      | Noticed Maggie
  5961 | D:6      | Killed Maggie
  5962 | D:6      | Reached skill level 7 in Fighting
  6075 | D:7      | Reached **** piety under Trog
  6459 | D:7      | Reached XP level 9. HP: 43/80 MP: 8/8
  7510 | D:7      | Reached skill level 8 in Fighting
  8325 | D:6      | Found a shimmering altar of Xom.
  8367 | D:6      | Reached skill level 5 in Shields
  8528 | D:6      | Found a shimmering blue altar of Sif Muna.
  8972 | D:7      | Reached skill level 9 in Fighting
  8982 | D:7      | Reached XP level 10. HP: 84/91 MP: 9/9
  9175 | D:7      | Identified the +0 ring mail of Responsibility {rPois rF-
                  | Stlth+}
  9506 | D:8      | Identified the +6 battleaxe of Spontaneous Combustion
                  | {vorpal, Will+++ MP+9 Str+3 Dex-3}
  9644 | D:8      | Identified the +7 hand axe of Mocvul {vorpal, rN+ Int+2
                  | Dex+3 SInv}
  9662 | D:8      | Found a blossoming altar of Fedhas.
  9705 | D:8      | Found a flagged portal.
  9715 | Bailey   | Entered a bailey
 10410 | D:8      | Reached skill level 10 in Fighting
 10410 | D:8      | Reached skill level 10 in Axes
 10470 | D:8      | Found a staircase to the Lair.
 10488 | D:8      | Reached skill level 10 in Armour
 11617 | D:8      | Reached XP level 11. HP: 101/101 MP: 10/10
 12137 | D:9      | Found a glowing silver altar of Zin.
 12296 | D:9      | Found Tainuoz's Assorted Antiques.
 12504 | D:9      | Found a shadowy altar of Dithmenos.
 13219 | D:10     | Entered Level 10 of the Dungeon
 13242 | D:10     | Noticed a two-headed ogre
 13243 | D:10     | Reached ***** piety under Trog
 13252 | D:10     | Killed a two-headed ogre
 13253 | D:10     | Reached skill level 11 in Fighting
 13358 | D:10     | Paralysed by a hornet for 2 turns
 13725 | D:10     | Found Meum's Jewellery Shop.
 13865 | D:11     | Noticed a two-headed ogre
 13882 | D:11     | Killed a two-headed ogre
 13883 | D:11     | Reached skill level 10 in Dodging
 14142 | D:11     | Noticed an orc knight
 14215 | D:11     | Found a staircase to the Orcish Mines.
 14290 | D:11     | Killed an orc knight
 14422 | D:11     | Received a gift from Trog
 14869 | D:11     | Noticed an orc knight
 14870 | D:11     | Noticed Erica
 14874 | D:11     | Killed an orc knight
 14894 | D:11     | HP: 6/156 [something (2)]
 14895 | D:11     | Killed Erica
 15423 | D:11     | Noticed a two-headed ogre
 15427 | D:11     | Killed a two-headed ogre
 15640 | D:12     | Noticed a two-headed ogre
 15645 | D:12     | Killed a two-headed ogre
 15721 | D:12     | Reached skill level 12 in Fighting
 15879 | D:12     | Noticed a deep elf pyromancer
 15895 | D:12     | Killed a deep elf pyromancer
 15896 | D:12     | Reached XP level 12. HP: 98/112 MP: 11/11
 15994 | D:12     | Noticed a two-headed ogre
 15998 | D:12     | Killed a two-headed ogre
 16644 | Lair:1   | Entered Level 1 of the Lair of Beasts
 17824 | Lair:1   | Noticed a death yak
 17824 | Lair:1   | Noticed a death yak
 17824 | Lair:1   | Noticed a death yak
 17961 | Lair:1   | Killed a death yak
 18241 | Lair:1   | Reached skill level 13 in Fighting
 18410 | Lair:1   | Noticed a death yak
 18429 | Lair:1   | Killed a death yak
 18433 | Lair:1   | Killed a death yak
 18435 | Lair:1   | Killed a death yak
 18907 | Lair:3   | Found a staircase to the Snake Pit.
 19158 | Lair:3   | Found a transporter.
 19200 | Lair:2   | Reached XP level 13. HP: 84/122 MP: 12/12
 20443 | Lair:3   | Noticed qeuew's ghost (journeyman HOFi)
 20448 | Lair:3   | Found a transporter.
 20450 | Lair:3   | Found a one-way gate to the infinite horrors of the Abyss.
 20563 | Lair:3   | Reached skill level 14 in Fighting
 20586 | Lair:3   | Received a gift from Trog
 20681 | Lair:3   | Found a staircase to the Swamp.
 22513 | Lair:5   | Entered Level 5 of the Lair of Beasts
 22643 | Lair:5   | Found a viscous altar of Jiyva.
 22643 | Lair:5   | Found a staircase to the Slime Pits.
 23289 | Lair:5   | Noticed Sonja
 23295 | Lair:5   | Killed Sonja
 23553 | Lair:5   | Reached XP level 14. HP: 87/126 MP: 13/13
 23854 | Lair:5   | Found a large runed translucent door.
 23880 | Lair:5   | Reached skill level 15 in Fighting
 24081 | Lair:5   | Found a large runed translucent door.
 24085 | Lair:5   | Reached skill level 15 in Axes
 24683 | Orc:1    | Entered Level 1 of the Orcish Mines
 24692 | Orc:1    | Noticed Jorgrun
 24702 | Orc:1    | Received a gift from Trog
 24708 | Orc:1    | Killed Jorgrun
 25206 | Orc:1    | Reached skill level 15 in Armour
 25408 | Orc:2    | Entered Level 2 of the Orcish Mines
 25408 | Orc:2    | Found a staircase to the Elven Halls.
 25603 | Orc:1    | You fall into a shaft and drop 1 floor!
 26117 | Orc:2    | Found Kukyoha's Antique Weapon Shop.
 26147 | Orc:2    | Found an ancient bone altar of Kikubaaqudgha.
 26157 | Orc:2    | Received a gift from Trog
 26159 | Orc:2    | Found Cionapyu's Antique Armour Boutique.
 26270 | Orc:2    | Found a radiant altar of Vehumet.
 26321 | Orc:2    | Reached ****** piety under Trog
 26363 | Orc:2    | Found Vurrani's Distillery.
 26419 | Orc:2    | Found Uqichacw's Jewellery Boutique.
 26427 | Orc:2    | Bought the ring "Fiaruant" {+Blink rF+ rN++ rCorr MP-9} for
                  | 456 gold pieces
 26808 | D:13     | Found a gate to the Vaults.
 26834 | D:13     | HP: 7/204 [centaur warrior/arrow (16)]
 26838 | D:13     | HP: 3/204 [shadow (3)]
 26844 | D:13     | Reached skill level 16 in Fighting
 26844 | D:13     | Killed from afar by a meliai

Illustrated notes

Levels and vault maps discovered:
D:1:      dpeg_cavernosity, layout_loops_ring, ebering_ecumenical_altar_rust,
          palyth_stone_intersect, nicolae_titane
D:2:      wad_river_or_something, layout_basic, serial_shops,
          nicolae_shop_stone, nicolae_underground_beach
D:3:      layout_basic, amcnicky_altar_gilded, uniq_grinder
D:4:      layout_cave_pools
D:5:      layout_gridville, mainiacjoe_overflow_swirl,
          minmay_temple_entry_butterflies, serial_shops, kennysheep_mini_moat
D:6:      layout_rooms, mainiacjoe_overflow_two_lobes, uniq_maggie
D:7:      layout_loops_ring
D:8:      layout_rooms, mainiacjoe_overflow_surrounded_room,
          minmay_lair_entry_grove, enter_bailey_2, introduction_to_nature_2
D:9:      layout_rooms, nicolae_dithmenos_through_a_glass_darkly, zin_treasury,
          serial_co_window_serial, co_window_paths_a, co_window_paths_a,
          co_window_corner_a, co_window_cross_1, co_window_corner_a,
          co_window_paths_a, co_window_of_opportunity_a, co_window_paths_c,
          co_window_of_opportunity_c, co_window_of_opportunity_b,
          co_window_corner_b, co_window_paths_c, co_window_of_opportunity_c,
          co_window_4corner_b, glass_columns_a, glass_columns_c,
          glass_columns_b, glass_columns_c, glass_columns_c,
          nicolae_inconvenience_store
D:10:     layout_cave_pools, serial_shops, shop_statue
D:11:     layout_basic, david_orc_5, roderic_filled_cross, uniq_erica
D:12:     layout_loops_ring
D:13:     evilmike_makhleb_hellhole, layout_small_grid,
          lightli_vaults_fourway_checkpoint, nooodl_orcs_dogs
Lair:1:   layout_concentric_octagons, grunt_megastairs_3
Lair:2:   minmay_lair_venomous_thicket, layout_cave_pods, grunt_megastairs_4,
          serial_bayou_shore_a, lemuel_fruit_tree, serial_bayou_shore_b
Lair:3:   layout_cave_pods, swamp_mist_pool, minmay_snake_entry_guardpost_small,
          special_room [special_room_mythical_zoo],
          gammafunk_ghost_abyssal_escape, serial_bayou_shore_b
Lair:4:   layout_roguey, hangedman_lair_unloving_vines, wad_woods_02
Lair:5:   cheibrodos_lair_end_hotspot, layout_cave_pods,
          nicolae_slime_entry_slimehenge, patterned_corridor, uniq_sonja
Orc:1:    layout_caves, uniq_jorgrun
Orc:2:    kennysheep_orc_mage_school, layout_diamond_mine

Skill      XL: |  1  2  3  4  5  6  7  8  9 10 11 12 13 14 |
---------------+-------------------------------------------+-----
Fighting       | 4 5 6 7 9 10 12 13 14 16 | 16.0
Axes           | 4 5 6 7 9 10 12 13 14 15 | 15.9
Armour         | 3 4 5 6 7 8 10 11 13 14 15 | 15.7
Dodging        | 3 4 5 6 7 9 10 12 13 14 | 14.5
Shields        | 3 5 |  5.0

Action                   |  1- 3 |  4- 6 |  7- 9 | 10-12 | 13-15 || total
-------------------------+-------+-------+-------+-------+-------++-------
Melee: Hand axe          |    72 |   138 |   279 |   310 |       ||   799
       Headbutt          |     5 |    16 |    58 |    87 |    85 ||   251
       Punch             |     1 |       |     1 |       |       ||     2
       Battleaxe         |       |       |       |   185 |   419 ||   604
       Executioner's axe |       |       |       |       |    36 ||    36
Invok: Berserk           |     1 |     3 |     5 |    10 |     4 ||    23
       Trog's Hand       |       |     1 |       |     8 |     6 ||    15
  Use: Scroll            |       |     8 |     5 |     7 |     1 ||    21
       Potion            |       |       |       |     1 |       ||     1
 Stab: Sleeping          |     5 |     1 |       |       |       ||     6
Armor: Animal skin       |    16 |    22 |     1 |       |       ||    39
       Plate armour      |       |       |   138 |   196 |   247 ||   581
Dodge: Dodged            |    48 |    87 |   111 |   303 |   379 ||   928
Block: Buckler           |       |       |    42 |    40 |       ||    82
       Kite shield       |       |       |       |    52 |       ||    52

Table legend: (Time is in decaauts)
 A = Elapsed time spent in this place.
 B = Non-inter-level travel time spent in this place.
 C = Inter-level travel time spent in this place.
 D = Time resting spent in this place.
 E = Time spent auto-exploring this place.
 F = Levels seen in this place.
 G = Mean time per level.
                   A        B        C        D        E       F      G
               +--------+--------+--------+--------+--------+-----+--------+
         Total |  27090 |  25765 |   1325 |   6922 |  15319 |  21 | 1290.0 |
       Dungeon |  16998 |  16173 |    825 |   5152 |   8925 |  13 | 1307.5 |
          Lair |   7945 |   7548 |    397 |   1551 |   5104 |   5 | 1589.0 |
  Orcish Mines |   1559 |   1457 |    102 |     29 |   1159 |   2 |  779.5 |
        Bailey |    586 |    586 |      0 |    188 |    130 |   1 |  586.0 |
               +--------+--------+--------+--------+--------+-----+--------+

Top non-repeatable levels by time:
     D:7: 2627 daAuts
    D:11: 2262 daAuts
  Lair:5: 2052 daAuts
  Lair:1: 1916 daAuts
     D:8: 1775 daAuts
  Lair:3: 1604 daAuts
  Lair:2: 1447 daAuts
     D:5: 1441 daAuts
     D:9: 1422 daAuts
     D:2: 1369 daAuts
     D:6: 1277 daAuts
     D:3: 1106 daAuts
    D:12: 1002 daAuts
     D:1: 990 daAuts
  Lair:4: 925 daAuts
